 Dungeon Crawl Stone Soup version 0.18-a0-824-g47fe746 (webtiles) character file.

30 cluie the Chiller (level 3, 25/25 HPs)
             Began as a Demonspawn Ice Elementalist on Dec 17, 2015.
             Quit the game on level 2 of the Dungeon.
             The game lasted 00:02:04 (1498 turns).

cluie the Chiller (Demonspawn Ice Elementalist)     Turns: 1498, Time: 00:02:05

Health: 25/25      AC: -1    Str:  8    XL:     3   Next: 5%
Magic:  6/15       EV: 12    Int: 17    God:
Gold:   64         SH:  0    Dex: 15    Spells: 1 memorised, 6 levels left

rFire  . . .     SeeInvis .     (no weapon)
rCold  . . .     Gourm    .     a - +0 robe
rNeg   . . .     Faith    .     (no shield)
rPois  .         Spirit   .     e - +1 helmet
rElec  .         Dismiss  .     (no cloak)
rCorr  .         Reflect  .     (no gloves)
SustAt .         Harm     .     (no boots)
MR     .....                    (no amulet)
Stlth  ++........               j - ring of magical power
                                k - -5 ring of protection (curse)

@: not resistant to hostile enchantments, unstealthy
A: claws 1, thin skeletal structure 1
a: no special abilities


You were on level 2 of the Dungeon.
You were not hungry.

You visited 1 branch of the dungeon, and saw 2 of its levels.

You collected 64 gold pieces.

Inventory:

Armour
 a - a +0 robe (worn)
 e - a +1 helmet (worn)
Jewellery
 j - a ring of magical power (right claw)
 k - a cursed -5 ring of protection (left claw)
Scrolls
 g - a scroll of fog {unknown}
 h - a scroll of immolation {unknown}
Potions
 f - 3 potions of mutation
 i - a potion of agility {unknown}
 l - a potion of ambrosia {unknown}
 m - a potion of resistance {unknown}
Books
 b - a book of Frost

   Spells                             Type                      Level
   a - Freeze                         Ice                          1
   b - Throw Frost                    Conjuration/Ice              2
   c - Ozocubu's Armour               Charms/Ice                   3
   d - Throw Icicle                   Conjuration/Ice              4
   e - Summon Ice Beast               Ice/Summoning                4
   f - Condensation Shield            Ice                          4
Comestibles
 c - a bread ration
 d - 3 fruits


   Skills:
 + Level 0.4 Fighting
 + Level 2.1 Dodging
 - Level 1.7 Stealth
 + Level 2.5 Spellcasting
   Level 1.0 Conjurations
 * Level 3.1 Ice Magic


You had 6 spell levels left.
You knew the following spells:

 Your Spells              Type           Power        Failure   Level  Hunger
a - Freeze                Ice            ##..         6%          1    #......


Dungeon Overview and Level Annotations

Branches:
Dungeon (2/15)

Altars:


Innate Abilities, Weirdness & Mutations

You have sharp fingernails.
You have a somewhat thin skeletal structure (Dex +2, Stealth).


Message History

Key pressed, stopping explore.
No target in view!
No target in view!
You open the door.
There is an open door here.
j - a blackened iron ring No target in view!
m - a lumpy orange potion No target in view!
Key pressed, stopping explore.
No target in view!
Key pressed, stopping explore.
No target in view!
No target in view!
No target in view!
No target in view!
Put on which piece of jewellery? (? for menu, Esc to quit)
You feel your magic capacity increase.
j - a ring of magical power (right claw) Are you sure you want to abandon this character and quit the game? (Confirm with "yes".)

.......# ##...##...>.....#..#
####...#
##.....#####.#.#.#..# #...#
##.8...8.## #.#.#.#..#
#...####.#.....#.###.#.#.#..#
#.....#...8...8...##.#.#.#..#
#...#.'...........+..#.#.#..#
#######...8...8...####.#.####
##.#.....#.## .....
##.8..@8.## ##...?.## ##
##...### #. ##+##.#
#.########....## ##
#.......#...... .# #....#
#.....# .# ##.#.# #.....####
.# #.#.# #.(...#


There were no monsters in sight!

Vanquished Creatures
  3 worms (D:2)
  A giant gecko (D:1)
  2 goblins
  5 hobgoblins
  2 bats (D:1)
  2 giant cockroaches
  2 giant newts
  2 kobolds (D:1)
  4 rats
23 creatures vanquished.

Notes
Turn   | Place    | Note
--------------------------------------------------------------
     0 | D:1      | cluie the Demonspawn Ice Elementalist began the quest for the Orb.
     0 | D:1      | Reached XP level 1. HP: 13/13 MP: 3/3
   404 | D:1      | Gained mutation: You have sharp fingernails. [demonic ancestry]
   404 | D:1      | Reached XP level 2. HP: 16/19 MP: 0/5
   435 | D:1      | Reached skill level 3 in Ice Magic
  1282 | D:2      | Gained mutation: You have a somewhat thin skeletal structure (Dex +2, Stealth). [demonic ancestry]
  1282 | D:2      | Reached XP level 3. HP: 17/25 MP: 0/6
  1498 | D:2      | Quit the game

Vault maps used:
D:1:      minmay_arrival_cross
D:2:      grunt_temple_overflow_diamond, dk_noncrumbling_3, elyvilon_altar_4,
          uniq_natasha, uniq_terence

Action                   || total
-------------------------++-------
Melee: Unarmed           ||    68
 Cast: Freeze            ||    28
  Use: Scroll            ||     4
 Stab: Sleeping          ||     2
  Eat: Chunk             ||     2
